 Dungeon Crawl Stone Soup version 0.24.1-4-ge52af88ad5 (webtiles) character file.

Game seed: 6239988498201688886, levelgen mode: deterministic

51 ChadusMaximus the Conjurer (level 3, -1/19 HPs)
             Began as a Deep Elf Conjurer on Apr 14, 2020.
             Slain by a centaur zombie (3 damage)
             ... on level 3 of the Dungeon.
             The game lasted 00:03:30 (1128 turns).

ChadusMaximus the Conjurer (Deep Elf Conjurer)      Turns: 1128, Time: 00:03:30

Health: -1/19      AC:  2    Str:  5    XL:     3   Next: 57%
Magic:  2/10       EV: 13    Int: 20    God:
Gold:   55         SH:  0    Dex: 15    Spells: 3/9 levels left

rFire    . . .     SeeInvis .   (no weapon)
rCold    . . .     Gourm    .   (no shield)
rNeg     . . .     Faith    .   a - +0 robe
rPois    .         Spirit   .   (no helmet)
rElec    .         Reflect  .   (no cloak)
rCorr    .         Harm     .   (no gloves)
MR       .....                  (no boots)
Stlth    ++........             (no amulet)
HPRegen  0.06/turn              (no ring)
MPRegen  0.12/turn              (no ring)

@: no status effects
A: no striking features
a: no special abilities


You were on level 3 of the Dungeon.
You were hungry.

You visited 1 branch of the dungeon, and saw 3 of its levels.

You collected 55 gold pieces.

Inventory:

Armour
 a - a +0 robe (worn)
Scrolls
 b - a scroll of fear {unknown}
 d - 5 scrolls of identify {unknown}
 e - a scroll of enchant weapon {unknown}
 f - a scroll of remove curse {unknown}
 g - 2 scrolls of amnesia {unknown}
 h - 2 scrolls of teleportation {unknown}
Potions
 i - a potion of heal wounds {unknown}
Comestibles
 c - a ration


   Skills:
 + Level 2.5 Dodging
 + Level 2.8 Stealth
 + Level 3.7 Spellcasting
 + Level 5.3 Conjurations


You had 3 spell levels left.
You knew the following spells:

 Your Spells              Type           Power        Failure   Level  Hunger
a - Magic Dart            Conj           ####         1%          1    None
b - Searing Ray           Conj           ####..       2%          2    ##.....
c - Dazzling Spray        Conj/Hex       ##....       13%         3    ###....

Your spell library contained the following spells:

 Spells                   Type           Power        Failure   Level  Hunger
 Beastly Appendage        Tmut           #.....       13%         1    None
 Sticks to Snakes         Tmut           #.......     21%         2    ##.....
 Spider Form              Tmut/Pois      #.........   36%         3    ###....
 Iskenderun's Mystic Bla  Conj           ####....     14%         4    ####...
 Force Lance              Conj/Tloc      ##......     41%         4    ####...
 Fulminant Prism          Conj/Hex       ##........   41%         4    ####...
 Ice Form                 Ice/Tmut       #.......     78%         4    ####...
 Blade Hands              Tmut           #.........   98%         5    ######.


Dungeon Overview and Level Annotations

Branches:
Dungeon (3/15)

Altars:

Annotations:
D:2 Terence


Message History

The centaur zombie hits you.
There is a stone staircase leading up here.
The centaur zombie closely misses you. The centaur zombie hits you.
The centaur zombie misses you.
Found a lumpy ruby potion.
The centaur zombie barely misses you. The centaur zombie hits you.
A leopard gecko and a rat come into view.
Things that are here:
a lumpy ruby potion; a leather armour The centaur zombie hits you!
* * * LOW HITPOINT WARNING * * *
The centaur zombie barely misses you.
Found an inky potion.
Found a fizzy cyan potion and a scale mail.
Found a stone staircase leading up.
A rat and a kobold come into view.
An adder comes into view.
The centaur zombie hits you.
You die...

###.#.# #####..!
.....# ###...#.l.
#..r# .......<#.
#...##########.#.
#..!gg.gg......#.
####.#.############.
#....l.#### .
...##.#.Z.....# .
.......@......# .
..#####.......#
........#
#..........
#.....!...#<
!..S......[
........rK..
......####.


You could see an adder, a centaur zombie, 2 hobgoblins, a kobold (sleeping), a
frilled lizard and 2 rats.

Vanquished Creatures
  An adder (D:3)
  A worm (D:2)
  A dart slug (D:1)
  3 leopard geckos (D:1)
  An orc (D:3)
  2 bats (D:1)
  A giant cockroach (D:1)
  2 goblins
  3 hobgoblins (D:1)
  3 jackals (D:1)
  7 kobolds (D:1)
  A ball python (D:2)
  2 frilled lizards (D:1)
  4 rats (D:1)
32 creatures vanquished.

Vanquished Creatures (others)
  4 toadstools (D:1)
4 creatures vanquished.

Grand Total: 36 creatures vanquished

Notes
Turn   | Place    | Note
-------+----------+-------------------------------------------
     0 | D:1      | ChadusMaximus the Deep Elf Conjurer began the quest for the
                  | Orb.
     0 | D:1      | Reached XP level 1. HP: 10/10 MP: 6/6
   131 | D:1      | Reached XP level 2. HP: 13/15 MP: 0/8
   471 | D:1      | Reached skill level 5 in Conjurations
   743 | D:1      | Reached XP level 3. HP: 19/19 MP: 6/9
   997 | D:2      | Noticed Terence
  1008 | D:2      | Learned a level 2 spell: Searing Ray
  1012 | D:2      | Learned a level 3 spell: Dazzling Spray
  1128 | D:3      | Slain by a centaur zombie

Levels and vault maps discovered:
D:1:      ldierk_water_garden, layout_rooms
D:2:      minmay_diamond_boxcup, layout_loops_ring, uniq_terence
D:3:      layout_basic, minmay_joined_circles

Skill      XL: |  1  2 |
---------------+-------+-----
Conjurations   | 5 |  5.3
Dodging        | |  2.5
Stealth        | |  2.8
Spellcasting   | |  3.7

Action                   || total
-------------------------++-------
 Cast: Magic Dart        ||    67
       Dazzling Spray    ||     1
       Searing Ray       ||     1
Armor: Robe              ||     1
Dodge: Dodged            ||     7
